 Dungeon Crawl Stone Soup version 0.15.0-9-g1a96a59 (webtiles) character file.

105 crashb the Skirmisher (level 5, -1/42 HPs)
             Began as a Human Berserker on Aug 30, 2014.
             Was a Believer of Trog.
             Slain by an ogre skeleton (8 damage)
             ... on Level 4 of the Dungeon.
             The game lasted 00:21:06 (1993 turns).

crashb the Skirmisher (Human Berserker)             Turns: 1993, Time: 00:21:06

HP  -1/42        AC  2     Str 18      XL: 5   Next:  9%
MP   5/5         EV 12     Int  8      God: Trog [**....]
Gold 114         SH  0     Dex  9 (12) Spells:  0 memorised,  4 levels left

rFire  . . .     SeeInvis .     t - +2 cutlass (venom)
rCold  . . .     Clarity  .     b - +0 animal skin
rNeg   . . .     rCorr    .     (no shield)
rPois  .         rRot     .     (no helmet)
rElec  .         Spirit   .     (no cloak)
SustAb .         Warding  .     (no gloves)
rMut   .         Stasis   .     (no boots)
Gourm  .                        (no amulet)
MR     .....                    (no ring)
                                (no ring)

@: not resistant to hostile enchantments, very unstealthy
A: no striking features
a: Burn Spellbooks, Berserk, Trog's Hand, Renounce Religion


You were on level 4 of the Dungeon.
You worshipped Trog.
Trog was pleased with you.
You were not hungry.

You visited 1 branch of the dungeon, and saw 4 of its levels.

You collected 114 gold pieces.

Inventory:

Hand weapons
 a - a +0 mace
 t - a +2 cutlass of venom (weapon)
Missiles
 d - a tomahawk (quivered)
 j - 22 arrows
 m - 15 poisoned needles
 r - 17 steel sling bullets
Armour
 b - a +0 animal skin (worn)
 f - a +0 ring mail
 l - a cursed -1 pair of boots
Comestibles
 c - 2 bread rations
 k - 3 meat rations
 q - a beef jerky
Scrolls
 e - a scroll of amnesia {unknown}
 g - a scroll of remove curse
 h - a scroll of teleportation {unknown}
 n - a scroll of fear {unknown}
 p - a scroll of random uselessness {unknown}
 u - a scroll of noise {unknown}
 v - 2 scrolls of magic mapping {unknown}
 w - a scroll of identify
Jewellery
 o - an uncursed ring of positive energy {unknown}
Potions
 s - a potion of cancellation {unknown}


   Skills:
 + Level 3.9 Fighting
 + Level 0.2 Short Blades
 + Level 3.4 Maces & Flails
 + Level 2.1 Throwing
 + Level 2.0 Armour
 + Level 2.6 Dodging
 + Level 0.4 Stealth


You had 4 spell levels left.
You didn't know any spells.

Dungeon Overview and Level Annotations

Branches:
Dungeon (4/15)
 Temple: D:4-7

Altars:
Elyvilon

Annotations:
D:4 Eustachio; Phlounder's ghost, average HaWr


Message History

* * * LOW HITPOINT WARNING * * *
Found 13 gold pieces.
The worker ant completely misses you.
Found a stone staircase leading up and a stone staircase leading down.
You see here 13 gold pieces.
The worker ant bites you.
* * * LOW HITPOINT WARNING * * *
Unknown command.
Drink which item? (? for menu, Esc to quit)
You feel better. The worker ant bites you.
* * * LOW HITPOINT WARNING * * *
Found 2 scrolls of identify.
An ogre skeleton comes into view.
Phlounder's ghost casts a spell.
Phlounder's ghost blinks!
You see here a scroll of identify.
The worker ant bites you.
* * * LOW HITPOINT WARNING * * *
The ogre skeleton hits you!
You die...

## ## .###. .#.. ###. .
..# #...# . . #Z#
##.#.###. ... #@#
......... .... #a# #
#.......
......##.##.#####..# #.#
#.....?...#...#..###.##
......##W####............
....###......ยง....###.#.
...........W$.##........
.###########<##..###...
#>##..# ##..


You could see a worker ant, Phlounder's ghost and an ogre skeleton.

Vanquished Creatures
  A quasit (D:4)
  An iguana (D:4)
  3 adders
  2 oozes (D:2)
  A ball python (D:4)
  5 goblins
  11 hobgoblins
  3 quokkas
  10 bats
  3 giant cockroaches
  7 giant newts
  4 kobolds
  6 rats
57 creatures vanquished.

Notes
Turn   | Place    | Note
--------------------------------------------------------------
     0 | D:1      | crashb, the Human Berserker, began the quest for the Orb.
     0 | D:1      | Reached XP level 1. HP: 18/18 MP: 1/1
   156 | D:1      | Reached XP level 2. HP: 14/24 MP: 2/2
   660 | D:2      | Acquired Trog's second power
   660 | D:2      | Reached XP level 3. HP: 20/29 MP: 3/3
   759 | D:2      | Found a white marble altar of Elyvilon.
   866 | D:2      | Reached skill level 1 in Throwing
  1075 | D:2      | Reached XP level 4. HP: 36/36 MP: 4/4
  1570 | D:4      | Noticed Eustachio
  1848 | D:4      | Reached XP level 5. HP: 26/42 MP: 5/5
  1849 | D:4      | Noticed Phlounder's ghost (average HaWr)
  1993 | D:4      | Slain by an ogre skeleton

Action                   |  1- 3 |  4- 6 || total
-------------------------+-------+-------++-------
Melee: Mace              |    85 |    17 ||   102
       Cutlass           |       |    42 ||    42
Throw: Tomahawk          |    32 |    34 ||    66
  Use: Scroll            |     1 |     2 ||     3
       Potion            |       |     3 ||     3
 Stab: Sleeping          |     1 |     1 ||     2
  Eat: Bread ration      |       |     1 ||     1
